 Dungeon Crawl Stone Soup version 0.23.2-1-ga50397a6bc (webtiles) character file.

Game seed: 6338455833751962242

113069 hargerflarg the Severer (level 16, -7/149 HPs)
             Began as a Minotaur Berserker on May 2, 2019.
             Was the Champion of Trog.
             Killed by divine providence
             ... invoked by an orc priest
              (12 damage)
             ... on level 2 of the Orcish Mines on May 3, 2019.
             The game lasted 03:42:54 (31807 turns).

hargerflarg the Severer (Minotaur Berserker)       Turns: 31807, Time: 03:42:55

Health: -7/149     AC: 17    Str: 29    XL:     16   Next: 13%
Magic:  15/15      EV: 26    Int:  5    God:    Trog [******]
Gold:   3172       SH:  0    Dex: 17    Spells: 15/15 levels left

rFire    + . .     SeeInvis .   b - +4 executioner's axe (chop)
rCold    . . .     Gourm    .   (shield currently unavailable)
rNeg     . . .     Faith    .   L - +1 scale mail {rPois}
rPois    +         Spirit   .   (helmet restricted)
rElec    .         Reflect  .   D - +0 cloak
rCorr    .         Harm     .   i - +0 pair of gloves
MR       +++..                  o - +0 pair of boots
Stlth    ..........             (no amulet)
HPRegen  0.34/turn              s - ring of the Octopus King {rF+ AC+1 EV+1 Str+1 Int+1 Dex+1}
MPRegen  0.14/turn              G - ring "Jatenall" {+Inv MR++ EV+5 Dex+5}

@: berserk cooldown, slowed, lightly drained, very slow
A: retaliatory headbutt, horns 2
a: Berserk, Trog's Hand, Brothers in Arms, Renounce Religion, Evoke Invisibility


You were on level 2 of the Orcish Mines.
You worshipped Trog.
Trog was exalted by your worship.
You were not hungry.

You visited 4 branches of the dungeon, and saw 24 of its levels.
You also visited: Ice Cave.

You collected 3382 gold pieces.
You spent 210 gold pieces at shops.

Inventory:

Hand Weapons
 a - a +0 hand axe of flaming
 b - a +4 executioner's axe of chopping (weapon)
 C - a +8 battleaxe of venom
 W - a +3 antimagic battleaxe
Missiles
 e - 548 stones (quivered)
Armour
 i - a +0 pair of gloves (worn)
 o - a +0 pair of boots (worn)
 r - +0 shadow dragon scales
 D - a +0 cloak (worn)
 L - a +1 scale mail of poison resistance (worn)
 O - +0 acid dragon scales
 T - a +2 scale mail of magic resistance
Jewellery
 s - a ring of the Octopus King (left hand) {rF+ AC+1 EV+1 Str+1 Int+1 Dex+1}
   (You found it on level 6 of the Lair of Beasts)

   [ring of protection from fire]

   It affects your AC (+1).
   It affects your evasion (+1).
   It affects your strength (+1).
   It affects your intelligence (+1).
   It affects your dexterity (+1).
   It protects you from fire.
 E - the ring of Kamn {Str+5 Int+3 Stlth+}
   (You found it on level 7 of the Dungeon)

   [ring of stealth]

   It affects your strength (+5).
   It affects your intelligence (+3).
   It makes you more stealthy.
 G - the ring "Jatenall" (right hand) {+Inv MR++ EV+5 Dex+5}
   (You found it on level 7 of the Dungeon)

   [ring of evasion]

   It affects your evasion (+5).
   It affects your dexterity (+5).
   It affects your resistance to hostile enchantments.
   It lets you turn invisible.
 P - the ring of the Scavenger {rF+ Str+4 Stlth-}
   (You found it on level 12 of the Dungeon)

   [ring of attention]

   It affects your strength (+4).
   It protects you from fire.
   It makes you less stealthy.
 X - an uncursed ring of flight
Wands
 h - a wand of digging (9)
 x - a wand of acid (30)
 y - a wand of flame (54)
 I - a wand of paralysis (6)
 R - a wand of iceblast (7)
Scrolls
 d - 7 scrolls of identify
 f - 2 scrolls of fog
 g - 6 scrolls of teleportation
 j - 3 scrolls of blinking
 k - 7 scrolls of magic mapping
 q - 10 scrolls of remove curse
 v - 3 scrolls of fear
 A - a scroll of enchant armour
 J - a scroll of summoning
Potions
 l - 2 potions of magic
 m - 5 potions of curing
 n - 3 potions of haste
 p - 2 potions of might
 t - 2 potions of lignification
 u - 4 potions of berserk rage
 w - 3 potions of heal wounds
 z - 2 potions of agility
 B - a potion of invisibility
 H - a potion of brilliance
 S - 2 potions of mutation
 V - 2 potions of flight
Miscellaneous
 U - a fan of gales
Comestibles
 c - 39 rations


   Skills:
 + Level 15.3(14.6) Fighting
 * Level 19.4(19.0) Axes
   Level 6.4(13.7) Polearms
 + Level 16.2(15.6) Armour
 + Level 14.1(13.5) Dodging


You had 15 spell levels left.
You didn't know any spells.
Your spell library was empty.

Dungeon Overview and Level Annotations

Branches:
Dungeon (15/15)            Temple (1/1) D:6            Lair (6/6) D:8
  Swamp (0/4) Lair:3        Snake (0/4) Lair:2        Slime (0/5) Lair:6
    Orc (2/2) D:9             Elf (0/3) Orc:2        Vaults (0/5) D:13
 Depths (0/5) D:15

Altars:
Ashenzari
Cheibriados
Dithmenos
Elyvilon
Fedhas
Gozag
Hepliaklqana
Kikubaaqudgha
Makhleb
Nemelex Xobeh
Okawaru
Qazlal
Ru
Sif Muna
Trog
Uskayaw
Vehumet
Wu Jian
Xom
Yredelemnul
Zin
The Shining One
Jiyva

Shops:
D:4 [   D:6 (   D:12 %   D:13 }*   Orc:2 }:

Portals:
Trove: D:10 (give +3 shadow dragon scales)

Annotations:
D:5 Blork the orc


Innate Abilities, Weirdness & Mutations

You reflexively headbutt those who attack you in melee.
You have a pair of horns on your head.


Message History

You slice the orc sorcerer!!
You kill the orc sorcerer!
Trog accepts your kill.
Trog appreciates your killing of a magic user.
The hellwing disappears in a puff of smoke!
You hear a shout! x2
The orc high priest closely misses you.
The orc knight roars a battlecry!
The orcs go into a battle-frenzy!
An orc warrior comes into view. It is wielding a +0 halberd.
The orc sorcerer mumbles some strange words.
The orc high priest mumbles some strange prayers to Beogh.
The orc sorcerer gestures at you while chanting.
The bolt of negative energy hits the orange demon.
The orange demon completely resists.
The bolt of negative energy hits you!
You feel drained.
* * * LOW HITPOINT WARNING * * *
The orc priest calls down the wrath of Beogh upon you.
Beogh smites you!
You die...

...........................#'#..#
................................#
...............................##
............................####
...........................##
...........................#
..........................## #
.....###########)########## #
.##### ######@###### # ##
#...4.o.4ooo### #
...####ยง####ooo## # #.######..##
# #.#...###(.# ### #.#.....##)#
##.# #.#o....o#)# #... .o. #oo)o#
##.# ... ##oo## ###


You could see an orc knight, an orc high priest, 2 orange demons, an orc
sorcerer, 2 orc warriors, 2 orc priests and an orc wizard.

Vanquished Creatures
  Rupert (D:14)
  Gastronok (D:11)
  Roxanne (D:14)
  2 orc warlords
  The ghost of runemage the Blocker, a journeyman GnFi of Ashenzari (Lair:4)
  Snorg (Orc:2)
  Josephine (Lair:6)
  7 hydras
  An ogre mage (Orc:2)
  2 catoblepae
  4 centaur warriors
  8 two-headed ogres
  9 death yaks (Lair:6)
  An orc high priest (Orc:2)
  A tengu warrior (D:15)
  Urug (Lair:5)
  A fire crab (shapeshifter) (D:15)
  3 unseen horrors
  A glowing orange brain (D:15)
  A swamp dragon (shapeshifter) (D:13)
  An orange crystal statue (D:9)
  A wizard (D:14)
  A necromancer (IceCv)
  5 large abominations (D:14)
  4 orc knights
  3 orc sorcerers (Orc:2)
  7 ugly things
  8 cyclopes
  6 manticores
  An oklob plant (Lair:5)
  6 black mambas
  A moth of wrath (shapeshifter) (D:15)
  13 elephants
  2 ice statues (IceCv)
  17 spiny frogs
  3 gargoyles
  A torpor snail (Lair:6)
  A kobold demonologist (D:14)
  A freezing wraith (D:15)
  A yaktaur (D:15)
  3 rime drakes
  7 komodo dragons
  9 ice devils (IceCv)
  10 trolls
  3 hornets (Lair:4)
  A queen bee (Lair:4)
  A meliai (Lair:4)
  2 wind drakes (shapeshifter)
  A harpy zombie (D:13)
  A hornet (shapeshifter) (D:11)
  A polar bear (Lair:4)
  A blink frog (shapeshifter) (D:13)
  10 slime creatures
  9 hippogriffs
  A bog body (Lair:3)
  10 dream sheep
  6 blink frogs (Lair:6)
  A wyvern (Lair:5)
  60 yaks
  3 wraiths (Lair:6)
  2 hungry ghosts (D:12)
  2 basilisks
  7 vampire mosquitoes
  2 wargs (Orc:1)
  3 acid dragons
  7 small abominations (D:14)
  13 water moccasins
  16 porcupines
  5 sky beasts
  2 eyes of draining
  9 ice beasts
  21 orc warriors
  4 phantoms
  3 black bears
  14 ogres
  31 wolves
  19 centaurs
  16 crocodiles
  4 big kobolds
  11 bullfrogs
  A wyvern skeleton (D:14)
  5 scorpions
  A water moccasin skeleton (D:7)
  8 wights
  14 killer bees
  3 howler monkeys
  4 centaur zombies
  9 crimson imps
  7 hounds
  A quasit (D:10)
  4 draconian simulacra (IceCv)
  3 bullfrog zombies
  14 orc wizards
  5 jellies
  10 orc priests
  6 centaur skeletons
  Crazy Yiuf (D:3)
  A bullfrog skeleton (D:13)
  4 iguanas
  7 worker ants
  7 hell rats (Lair:4)
  A troll simulacrum (IceCv)
  A spriggan simulacrum (IceCv)
  A killer bee zombie (D:10)
  A centaur simulacrum (IceCv)
  A hound skeleton (D:6)
  A worker ant zombie (D:7)
  16 adders
  3 gnolls (D:8)
  A howler monkey skeleton (D:6)
  A naga simulacrum (IceCv)
  2 ogre simulacra (IceCv)
  4 shadow imps
  12 white imps (Lair:2)
  2 oozes
  2 adder skeletons
  3 worms
  2 dart slugs (D:2)
  6 leopard geckos
  63 orcs
  4 giant cockroaches
  5 goblins
  5 hobgoblins
  4 jackals
  5 quokkas
  11 bats
  2 frilled lizards
  9 kobolds
  3 quokka skeletons
  7 rats
  5 bushes
  6 fungi
  10 plants
776 creatures vanquished.

Vanquished Creatures (collateral kills)
  Kirke (D:14)
  3 two-headed ogres
  A centaur zombie (D:14)
  4 wights (D:8)
  A centaur skeleton (D:8)
  A quokka (D:8)
11 creatures vanquished.

Vanquished Creatures (others)
  A human (D:14)
  15 fungi
  7 plants
23 creatures vanquished.

Grand Total: 810 creatures vanquished

Notes
Turn   | Place    | Note
-------+----------+-------------------------------------------
     0 | D:1      | hargerflarg the Minotaur Berserker began the quest for the
                  | Orb.
     0 | D:1      | Reached XP level 1. HP: 19/19 MP: 0/0
   268 | D:1      | Reached XP level 2. HP: 27/27 MP: 1/1
   483 | D:1      | Gained mutation: You are dopey. (Int -2) [potion of
                  | mutation]
   483 | D:1      | Lost mutation: You are dopey. (Int -2) [potion of mutation]
   930 | D:2      | Found a burning altar of Makhleb.
   930 | D:2      | Found a snail-covered altar of Cheibriados.
   998 | D:2      | Reached skill level 4 in Axes
  1082 | D:2      | Found a sacrificial altar of Ru.
  1089 | D:2      | Reached XP level 3. HP: 33/33 MP: 2/2
  1539 | D:2      | Found a basalt altar of Yredelemnul.
  1709 | D:2      | Reached XP level 4. HP: 33/40 MP: 3/3
  2027 | D:2      | You fall through a shaft for 2 floors!
  2231 | D:3      | Found a radiant altar of Vehumet.
  2252 | D:3      | Reached ** piety under Trog
  2405 | D:3      | Reached XP level 5. HP: 45/47 MP: 4/4
  2844 | D:3      | Found a runed translucent door.
  2845 | D:3      | Noticed Crazy Yiuf
  2851 | D:3      | Killed Crazy Yiuf
  2851 | D:3      | Reached skill level 5 in Fighting
  3249 | D:4      | Reached skill level 5 in Axes
  3724 | D:4      | Reached XP level 6. HP: 53/56 MP: 5/5
  3734 | D:4      | Found Gupnexteqi's Armour Shop.
  4127 | D:5      | Entered Level 5 of the Dungeon
  4290 | D:5      | Reached skill level 6 in Axes
  4478 | D:5      | Found a stormy altar of Qazlal.
  4505 | D:5      | Noticed a sky beast
  4530 | D:5      | Killed a sky beast
  4530 | D:5      | Reached skill level 5 in Armour
  4530 | D:5      | Reached XP level 7. HP: 39/62 MP: 6/6
  4705 | D:5      | Noticed Blork the orc
  4724 | D:5      | Found a deep blue altar of Sif Muna.
  4925 | D:5      | Found an iron altar of Okawaru.
  5083 | D:5      | Reached *** piety under Trog
  5083 | D:5      | Reached skill level 7 in Axes
  5158 | D:5      | Reached skill level 5 in Dodging
  5266 | D:5      | Found a shattered altar of Ashenzari.
  5679 | D:6      | Reached XP level 8. HP: 66/71 MP: 7/7
  5869 | D:6      | Reached skill level 1 in Polearms
  5889 | D:6      | Found a staircase to the Ecumenical Temple.
  5916 | Temple   | Entered the Ecumenical Temple
  6662 | D:6      | Found Fysh's Weapon Boutique.
  6893 | D:7      | Found a deep blue altar of Sif Muna.
  6975 | D:7      | Identified Tamicrul's Compendium of Mutagenic Translocation
  7012 | D:7      | Noticed a cyclops
  7030 | D:7      | Killed a cyclops
  7030 | D:7      | Reached skill level 8 in Axes
  7138 | D:7      | Reached XP level 9. HP: 76/79 MP: 8/8
  7291 | D:7      | Reached **** piety under Trog
  7435 | D:7      | Noticed a cyan ugly thing
  7447 | D:7      | Killed a cyan ugly thing
  7574 | D:7      | Got a crude golden ring
  7577 | D:7      | Got a vibrating tin ring
  7727 | D:7      | Identified the ring of Kamn {Str+5 Int+3 Stlth+} (You found
                  | it on level 7 of the Dungeon)
  7728 | D:7      | Identified the ring "Isant" {+Inv Str+5 Stlth-} (You found
                  | it on level 7 of the Dungeon)
  7743 | D:7      | Noticed a cyclops
  7748 | D:7      | Reached skill level 9 in Axes
  7748 | D:7      | Reached skill level 5 in Polearms
  7785 | D:7      | Killed a cyclops
  7785 | D:7      | Reached XP level 10. HP: 10/89 MP: 9/9
  7941 | D:7      | Noticed a cyclops
  8149 | D:7      | Killed a cyclops
  8383 | D:7      | Got a heavily runed brass ring
  8386 | D:7      | Got a wavering platinum ring
  8420 | D:7      | Identified the ring "Jatenall" {+Inv MR++ EV+5 Dex+5} (You
                  | found it on level 7 of the Dungeon)
  8617 | D:7      | Noticed a two-headed ogre
  8621 | D:7      | Killed a two-headed ogre
  8621 | D:7      | Reached skill level 10 in Armour
  9353 | D:8      | Noticed a two-headed ogre
  9375 | D:8      | Killed a two-headed ogre
  9596 | D:8      | Noticed a two-headed ogre
  9603 | D:8      | Killed a two-headed ogre
  9954 | D:8      | Found a staircase to the Lair.
  9979 | D:8      | Noticed a gargoyle
  9982 | D:8      | Killed a gargoyle
  9982 | D:8      | Reached skill level 10 in Axes
 10074 | D:8      | Noticed a three-headed hydra
 10090 | D:8      | Killed a one-headed hydra
 10090 | D:8      | Reached XP level 11. HP: 88/97 MP: 10/10
 10583 | D:9      | Found a staircase to the Orcish Mines.
 10751 | D:9      | Reached skill level 11 in Axes
 10829 | D:9      | Found a sparkling altar of Nemelex Xobeh.
 11044 | D:9      | Noticed an orange crystal statue
 11168 | D:9      | Reached skill level 10 in Fighting
 11390 | D:10     | Entered Level 10 of the Dungeon
 11489 | D:10     | Found a portal to a secret trove of treasure.
 12573 | D:11     | Noticed Gastronok
 12633 | D:11     | Killed Gastronok
 12633 | D:11     | Reached skill level 12 in Axes
 13129 | D:11     | Noticed a two-headed ogre
 13154 | D:11     | Noticed a two-headed ogre
 13172 | D:11     | Killed a two-headed ogre
 13209 | D:11     | Killed a two-headed ogre
 13254 | D:11     | Reached XP level 12. HP: 104/108 MP: 11/11
 13584 | D:11     | Got a brightly glowing hand axe
 13587 | D:11     | Identified the +11 hand axe of Perversion {elec, rPois rF+
                  | Str+3 Dex-2} (You found it on level 11 of the Dungeon)
 13634 | D:11     | Reached ***** piety under Trog
 13867 | D:11     | Reached skill level 10 in Dodging
 13950 | D:11     | Reached skill level 13 in Axes
 14112 | D:12     | Received a gift from Trog
 14439 | D:12     | Found Jeoz Piyfy's Food Shop.
 14829 | D:12     | Got a bound iron ring
 15454 | D:13     | Noticed a centaur warrior
 15470 | D:13     | Received a gift from Trog
 15471 | D:13     | Killed a centaur warrior
 15556 | D:13     | Reached skill level 14 in Axes
 15655 | D:13     | Found an opulent altar of Gozag.
 15789 | D:12     | Found a stormy altar of Qazlal.
 15830 | D:13     | Found Toph's Gadget Shop.
 15831 | D:13     | Noticed a two-headed ogre
 15835 | D:13     | Killed a two-headed ogre
 15997 | D:13     | Noticed a centaur warrior
 15998 | D:13     | Killed a centaur warrior
 16250 | D:13     | Found a gate to the Vaults.
 16300 | D:13     | Found Ysedghiyq's Assorted Antiques.
 16308 | D:13     | Bought a potion of curing for 63 gold pieces
 16308 | D:13     | Bought a scroll of identify for 42 gold pieces
 16308 | D:13     | Bought a scroll of identify for 42 gold pieces
 16308 | D:13     | Bought a potion of curing for 63 gold pieces
 16552 | D:14     | Reached XP level 13. HP: 89/118 MP: 12/12
 17285 | D:14     | Received a gift from Trog
 17299 | D:14     | Reached skill level 15 in Axes
 17392 | D:14     | Identified the ring of the Scavenger {rF+ Str+4 Stlth-}
                  | (You found it on level 12 of the Dungeon)
 17407 | D:14     | Identified a scroll of acquirement
 17463 | D:14     | Noticed Rupert
 17463 | D:14     | Identified Roxanne's Grimoire of Somewhere Else
 17463 | D:14     | Noticed Roxanne
 17509 | D:14     | Killed Rupert
 17513 | D:14     | HP: 5/119 [cyclops (17)]
 18323 | D:14     | Noticed Kirke
 18333 | D:14     | Killed Kirke
 18550 | D:14     | Killed Roxanne
 18843 | D:15     | Entered Level 15 of the Dungeon
 19303 | D:15     | Reached skill level 16 in Axes
 19510 | D:15     | Reached XP level 14. HP: 61/129 MP: 4/13
 20423 | D:15     | Found a staircase to the Depths.
 21313 | Lair:1   | Entered Level 1 of the Lair of Beasts
 22198 | Lair:2   | Found a staircase to the Snake Pit.
 22512 | Lair:2   | Found a frozen archway.
 22530 | IceCv    | Entered an ice cave
 22584 | IceCv    | Reached skill level 17 in Axes
 23868 | Lair:2   | Received a gift from Trog
 24624 | Lair:3   | Found a staircase to the Swamp.
 25035 | Lair:4   | Found a transporter.
 25040 | Lair:4   | Found a transporter.
 25041 | Lair:4   | Noticed runemage's ghost (journeyman GnFi)
 25043 | Lair:4   | Reached skill level 15 in Armour
 25106 | Lair:4   | Killed runemage's ghost
 26128 | Lair:5   | Reached XP level 15. HP: 118/138 MP: 14/14
 26237 | Lair:5   | Received a gift from Trog
 26585 | Lair:5   | Reached skill level 18 in Axes
 26600 | Lair:5   | Found a stormy altar of Qazlal.
 27017 | Lair:5   | Noticed Urug
 27033 | Lair:5   | Killed Urug
 27637 | Lair:6   | Entered Level 6 of the Lair of Beasts
 27648 | Lair:6   | Found a viscous altar of Jiyva.
 27648 | Lair:6   | Found a staircase to the Slime Pits.
 27869 | Lair:6   | Noticed Josephine
 27877 | Lair:6   | Killed Josephine
 28463 | Lair:6   | Reached ****** piety under Trog
 28707 | Lair:6   | Received a gift from Trog
 28940 | Lair:6   | Reached skill level 15 in Fighting
 28947 | Lair:6   | Reached skill level 19 in Axes
 29133 | Lair:6   | Found the ring of the Octopus King
 29137 | Lair:6   | Got a ring of the Octopus King
 29148 | Lair:6   | Identified a ring of the Octopus King {rF+ AC+1 EV+1 Str+1
                  | Int+1 Dex+1} (You found it on level 6 of the Lair of
                  | Beasts)
 29777 | Orc:1    | Entered Level 1 of the Orcish Mines
 30048 | Orc:1    | Noticed an orc warlord
 30099 | Orc:1    | Killed an orc warlord
 30617 | Orc:2    | Entered Level 2 of the Orcish Mines
 30617 | Orc:2    | Noticed an orc warlord
 30644 | Orc:2    | Noticed Snorg
 30649 | Orc:2    | Killed an orc warlord
 30650 | Orc:2    | Found a staircase to the Elven Halls.
 30653 | Orc:2    | Killed Snorg
 30661 | Orc:2    | Received a gift from Trog
 31018 | Orc:2    | Found Okhozox's Book Shoppe.
 31135 | Orc:2    | Reached XP level 16. HP: 133/149 MP: 15/15
 31715 | Orc:2    | Found Etza's Gadget Shoppe.
 31807 | Orc:2    | HP: 5/149 [orc sorcerer/bolt of negative energy (13)]
 31807 | Orc:2    | Killed from afar by an orc priest

Skill      XL: |  1  2  3  4  5  6  7  8  9 10 11 12 13 14 15 |
---------------+----------------------------------------------+-----
Fighting       | 4 5 6 7 8 9 10 12 13 14 15 | 15.3
Axes           | 4 5 6 7 8 9 10 12 14 16 17 19 | 19.4
Armour         | 3 4 5 7 9 11 12 13 14 15 16 | 16.2
Dodging        | 3 4 5 6 7 8 9 10 12 13 14 | 14.1
Polearms       | 3 5 6 |  6.4

Action                   |  1- 3 |  4- 6 |  7- 9 | 10-12 | 13-15 | 16-18 || total
-------------------------+-------+-------+-------+-------+-------+-------++-------
Melee: Hand axe          |    63 |   172 |    58 |   197 |   109 |       ||   599
       Headbutt          |     8 |    32 |    63 |   144 |   260 |    20 ||   527
       Trident           |       |       |   184 |    70 |       |       ||   254
       Battleaxe         |       |       |       |   182 |       |       ||   182
       Executioner's axe |       |       |       |       |   773 |    68 ||   841
Throw: Stone             |       |       |       |    93 |    67 |     7 ||   167
Invok: Berserk           |       |     1 |     2 |     1 |     6 |     2 ||    12
       Brothers in Arms  |       |       |       |     3 |     1 |       ||     4
       Trog's Hand       |       |       |       |     1 |     1 |     1 ||     3
Evoke: Wand              |       |       |       |     2 |     2 |       ||     4
  Use: Scroll            |     6 |     4 |    12 |     6 |    15 |       ||    43
       Potion            |     7 |     2 |       |     2 |     9 |     5 ||    25
 Stab: Sleeping          |       |     5 |    10 |    13 |     1 |       ||    29
       Distracted        |       |       |       |       |     1 |       ||     1
       Petrified         |       |       |       |       |     1 |       ||     1
  Eat: Chunk             |     2 |    10 |     6 |    21 |    35 |     1 ||    75
       Ration            |       |       |     2 |     3 |     5 |     1 ||    11
Armor: Animal skin       |     5 |       |       |       |       |       ||     5
       Ring mail         |    14 |       |       |       |       |       ||    14
       Shadow dragon sca |       |    83 |   108 |   135 |    20 |       ||   346
       Scale mail        |       |       |       |     1 |   173 |    17 ||   191
Dodge: Dodged            |    50 |    65 |   125 |   325 |   939 |   128 ||  1632
